 Seeded DCSS version 0.30-a0-859-gf88a04b62d (webtiles) character file.

Game seed: 18242870539230726858 (custom seed)

107408 bmack86 the Severer (level 16, -13/147 HPs)
             Began as a Minotaur Fighter on Mar 7, 2023.
             Was the Champion of Okawaru.
             Killed from afar by a deep elf knight (36 damage)
             ... with a shard of ice
             ... on level 1 of the Elven Halls.
             The game lasted 01:06:07 (19087 turns).

bmack86 the Severer (Minotaur Fighter)             Turns: 19087, Time: 01:06:09

Health: -13/147    AC: 29    Str: 28    XL:     16   Next: 0%
Magic:  23/23      EV:  7    Int:  6    God:    Okawaru [******]
Gold:   1610       SH: 17    Dex: 24    Spells: 15/15 levels left

rFire   + . .      SeeInvis .    R - +11 hand axe of Doubt {heavy, Will+ Int+2}
rCold   x . .      Faith    .    L - +2 kite shield {rN+}
rNeg    + . .      Spirit   .    x - +0 plate armour
rPois   .          Reflect  .    B - +2 hat {Stlth+}
rElec   .          Rampage  .    F - +2 cloak
rCorr   +                        e - +2 pair of gloves
Will    ++++.                    k - +2 pair of boots {Fly} Stlth
                                 q - amulet of regeneration
HPRegen 1.24/turn                Y - ring of Relativism {Fire Will+ Dex+3}
MPRegen 0.18/turn                N - ring of Basufues {Will+ rCorr Dex+7}

@: flying
A: horns 2, retaliatory headbutt, agile 1
a: Renounce Religion, Heroism, Finesse, Duel


You were on level 1 of the Elven Halls.
You worshipped Okawaru.
Okawaru was exalted by your worship.
You visited 6 branches of the dungeon, and saw 25 of its levels.
You also visited: Bailey.

You collected 3346 gold pieces.
You spent 1736 gold pieces at shops.

Inventory:

Hand Weapons
 G - the +16 obsidian axe {drain, demonic, Mesm Drain Fly SInv}
   (You acquired it on level 7 of the Dungeon)

   Mesm:      Its wielder is mesmerised by any visible foes, and it cannot be
   unequipped while any foes are visible.
   SInv:      It lets you see invisible.
   Fly:       It grants you flight.
   Drain:     It drains your maximum health when unequipped.
 Q - a +7 broad axe of flaming
 R - the +11 hand axe of Doubt (weapon) {heavy, Will+ Int+2}
   (Okawaru gifted it to you on level 10 of the Dungeon)

   Int:       It affects your intelligence (+2).
   Will:      It increases your willpower.
Missiles
 t - 33 boomerangs (quivered)
 J - a throwing net
 K - 2 javelins
Armour
 e - a +2 pair of gloves (worn)
 k - a +2 pair of boots of flying (worn)
 x - a +0 plate armour (worn)
 B - a +2 hat of stealth (worn)
 F - a +2 cloak (worn)
 L - a +2 kite shield of positive energy (worn)
 W - a +0 tower shield
Jewellery
 a - a ring of ice
 c - a +6 ring of intelligence
 h - a ring of resist corrosion
 i - a +6 ring of strength
 j - a ring of poison resistance
 m - a +6 ring of dexterity
 p - the ring "Roschiczo" {+Blink rC- rCorr Str+6 Int+3}
   (You acquired it in a bailey)

   [ring of strength]

   Str:       It affects your strength (+6).
   Int:       It affects your intelligence (+3).
   rC:        It makes you vulnerable to cold.
   +Blink:    It lets you blink.
   rCorr:     It protects you from acid and corrosion.
 q - an amulet of regeneration (around neck)
 y - a ring of protection from cold
 z - a +6 ring of dexterity
 M - the ring "Tus Lor" {rElec rPois Int+4}
   (You bought it in a shop on level 1 of the Orcish Mines)

   [ring of poison resistance]

   Int:       It affects your intelligence (+4).
   rElec:     It insulates you from electricity.
   rPois:     It protects you from poison.
 N - the ring of Basufues (right hand) {Will+ rCorr Dex+7}
   (You bought it in a shop on level 1 of the Orcish Mines)

   [ring of resist corrosion]

   Dex:       It affects your dexterity (+7).
   rCorr:     It protects you from acid and corrosion.
   Will:      It increases your willpower.
 T - a ring of ice
 Y - the ring of Relativism (left hand) {Fire Will+ Dex+3}
   (You found it on level 14 of the Dungeon)

   [ring of fire]

   It enhances your fire magic.
   Dex:       It affects your dexterity (+3).
   rF:        It protects you from fire.
   rC:        It makes you vulnerable to cold.
   Will:      It increases your willpower.
Wands
 s - a wand of digging (5)
 C - a wand of polymorph (7)
Scrolls
 b - a scroll of silence
 f - 9 scrolls of fear
 o - 6 scrolls of teleportation
 r - 2 scrolls of fog
 u - 3 scrolls of blinking
 E - 2 scrolls of magic mapping
 H - a scroll of identify
 P - a scroll of brand weapon
Potions
 d - a potion of might
 g - 2 potions of cancellation
 l - 3 potions of haste
 n - 2 potions of invisibility
 v - a potion of magic
 w - a potion of resistance
 A - 5 potions of curing
 D - 2 potions of brilliance
 I - 6 potions of heal wounds
 S - 2 potions of flight
 U - 2 potions of ambrosia


   Skills:
 + Level 14.5 Fighting
 - Level 18.0 Axes
 - Level 10.0 Throwing
 + Level 14.5 Armour
 + Level 14.4 Shields
 + Level 11.5 Invocations


You had 15 spell levels left.
You didn't know any spells.
Your spell library contained the following spells:

 Spells                   Type           Power      Damage    Failure   Level
 Kiss of Death            Conj/Necr      0%         2d5       99%         1
 Magic Dart               Conj           0%         1d3       99%         1
 Sandblast                Erth           0%         2d4       99%         1
 Shock                    Conj/Air       0%         1d3       99%         1
 Ensorcelled Hibernation  Hex/Ice        0%         N/A       100%        2
 Lesser Beckoning         Tloc           0%         N/A       100%        2
 Passwall                 Tmut/Erth      0%         N/A       100%        2
 Confusing Touch          Hex            0%         N/A       100%        3
 Gell's Gravitas          Tloc           0%         N/A       100%        3
 Hailstorm                Conj/Ice       0%         3d3       100%        3
 Inner Flame              Hex/Fire       0%         N/A       100%        3
 Kindle Blastsparks       Fire/Tloc/Air  0%         2d10      100%        3
 Mephitic Cloud           Conj/Pois/Air  0%         N/A       100%        3
 Portal Projectile        Hex/Tloc       0%         N/A       100%        3
 Spider Form              Tmut/Pois      0%         N/A       100%        3
 Stone Arrow              Conj/Erth      0%         3d7       100%        3
 Swiftness                Air            0%         N/A       100%        3
 Teleport Other           Tloc           0%         N/A       100%        3
 Airstrike                Air            0%         2d(0-16)  100%        4
 Anguish                  Hex/Necr       0%         N/A       100%        4
 Cause Fear               Hex            0%         N/A       100%        4
 Dispel Undead            Necr           0%         3d6       100%        4
 Fulminant Prism          Conj/Hex       0%         3d5       100%        4
 Ice Form                 Ice/Tmut       0%         N/A       100%        4
 Iskenderun's Mystic Bla  Conj/Tloc      0%         2d3       100%        4
 Blade Hands              Tmut           0%         N/A       100%        5
 Lee's Rapid Deconstruct  Erth           0%         3d4*      100%        5
 Discord                  Hex            0%         N/A       100%        8
 Call Imp                 Summ           Unusable   N/A       N/A         2
 Tukima's Dance           Hex            Unusable   N/A       N/A         3
 Simulacrum               Ice/Necr       Unusable   N/A       N/A         6

Dungeon Overview and Level Annotations

Branches:
Dungeon (15/15)            Temple (1/1) D:6            Lair (5/5) D:10
  Swamp (0/4) Lair:3        Snake (1/4) Lair:3        Slime (0/5) Lair:5
    Orc (2/2) D:10            Elf (1/3) Orc:2        Vaults (0/5) D:14
 Depths (0/4) D:15         Bailey (visited)

Altars:
Cheibriados
Gozag
Kikubaaqudgha
Okawaru
Qazlal
Ru
Trog
Vehumet
Wu Jian
Yredelemnul
Zin
The Shining One
Jiyva

Shops:
D:1 ((*[*   D:2 *   D:6 *   Orc:1 =

Annotations:
Temple 2 transporters
Lair:3 3 runed translucent doors, Uroushin's ghost, journeyman GnEn


Innate Abilities, Weirdness & Mutations

You have a pair of horns on your head.
You reflexively headbutt those who attack you in melee.
You are agile. (Dex +4, Str/Int -1)


Message History

You kill the deep elf pyromancer!
Okawaru accepts your kill.
You are covered in liquid flames!
The deep elf archer shoots an arrow.
Something hits you but does no damage. x2
The deep elf zephyrmancer mumbles some strange words.
The deep elf zephyrmancer blinks!
You have reached level 16!
You feel agile.
You miss something. You hit something. Something hits you but does no damage.
The deep elf archer shoots an arrow.
You block the arrow. You block something's attack.
You hear some strange, mumbled words.
A lance of force appears from out of thin air!
The lance of force hits you but does no damage.
The deep elf zephyrmancer points at you and mumbles some strange words.
The bolt of lightning hits you!
You hear a shout! x2
Something blocks your attack.
You hit something.
The deep elf archer shoots an arrow.
You block the arrow.
You hear some strange, mumbled words.
A shard of ice appears from out of thin air!
The shard of ice hits you!
You feel a painful chill!
* * * LOW HITPOINT WARNING * * *
Something hits you but does no damage.
You miss something. Something blocks your attack.
Something hits you but does no damage.
The deep elf archer shoots an arrow.
You block the arrow. Something blocks your attack.
Your headbutt misses something. Something blocks your attack.
Something hits you!
* * * LOW HITPOINT WARNING * * *
You hear some strange, mumbled words.
The deep elf archer shoots an arrow.
You block something's attack.
You miss something. You headbutt something! You miss something.
You hear some strange, mumbled words.
A shard of ice appears from out of thin air!
The shard of ice hits you but does no damage.
You hear some strange, mumbled words.
A shard of ice appears from out of thin air!
The shard of ice hits you!!!
You feel a painful chill!
You die...

.......###.........###....##
.).....#.#........## #.#.##
.⌠...⌠.#...#.....## #.###
.......#.####...## #.#
)......### ##'## #.#
)#####.# #.# #.# .).....#
#.#### #.# .......#
##.)))####.# .⌠.<.⌠.#
#.†{@......# .......#
#.#e..{....#### )......#
#.#/e.......# ########
#...........# #.#.........#
#.##.......## # ##.....##
#....##


You could see a deep elf archer (repels missiles) and a deep elf zephyrmancer.

Vanquished Creatures
  Rupert (D:12)
  Frances (D:13)
  A deep elf sorcerer (Elf:1)
  An orc warlord (Bailey)
  Nessos (Orc:2)
  5 hydras
  8 vault guards (D:14)
  The ghost of NinjaNoafa the Zephyrmancer, a journeyman DrWn of Vehumet (D:10)
  A catoblepas (Lair:1)
  5 boulder beetles
  An ogre mage (D:15)
  12 two-headed ogres
  A dancing weapon (Elf:1)
  Erica (Lair:2)
  6 tengu warriors
  9 death yaks
  A vampire mage (D:15)
  The ghost of Dittersdorf the Protected, a novice GrFi of Okawaru (D:8)
  2 orc high priests
  2 skysharks
  Sonja (Lair:3)
  The ghost of Selderis the Blocker, a novice GnFi of the Shining One (D:7)
  Lodul (D:12)
  2 skeletal warriors (D:15)
  A deep elf archer (Elf:1)
  10 deep elf pyromancers
  Pikel (D:8)
  An obsidian statue (D:14)
  A necromancer (D:15)
  4 orc knights
  5 ugly things (D:14)
  A wizard (D:14)
  A deep elf zephyrmancer (Elf:1)
  2 oklob plants (Lair:3)
  A fire giant zombie (D:15)
  4 cyclopes
  3 manticores
  3 orc sorcerers (Orc:1)
  24 elephants
  An ice statue (D:14)
  Maurice (D:8)
  A gargoyle (D:13)
  A torpor snail (Lair:5)
  5 black mambas
  10 cane toads
  A kobold demonologist (D:14)
  A rime drake (Lair:2)
  Maggie (D:10)
  7 komodo dragons
  A spriggan zombie (D:15)
  2 efreet
  2 tengu conjurers
  6 trolls
  3 meliai (D:14)
  2 trolls (shapeshifter)
  13 polar bears
  A blink frog (shapeshifter) (D:15)
  7 blink frogs (Lair:2)
  2 raiju (Lair:5)
  An ettin zombie (D:15)
  2 vampires
  A spriggan (Lair:1)
  Sigmund (D:2)
  4 shadows
  2 water elementals (D:15)
  7 wraiths
  5 wyverns
  45 yaks
  5 basilisks
  A hog (shapeshifter) (D:15)
  5 steam dragons
  11 vampire mosquitoes
  10 wargs
  2 acid dragons (D:10)
  A glowing shapeshifter zombie (D:15)
  13 hell hounds (Lair:5)
  12 water moccasins
  16 black bears
  20 orc warriors
  13 ogres
  A sky beast (D:7)
  10 centaurs
  26 wolves
  3 phantoms
  3 kobold brigands
  12 bullfrogs
  A scorpion (D:4)
  8 wights
  6 killer bees
  7 howler monkeys
  6 electric eels
  A lava snake (Lair:5)
  3 hounds
  A jelly (D:7)
  8 orc priests
  3 gnoll boudas
  5 iguanas
  2 hell rats (D:10)
  A sleepcap (D:5)
  17 orc wizards
  22 gnolls
  8 adders
  A shadow imp (D:6)
  2 white imps
  An ufetubus (D:6)
  A worm (D:2)
  2 dart slugs
  59 orcs
  7 ball pythons
  6 endoplasms
  7 giant cockroaches
  19 goblins
  12 hobgoblins
  7 quokkas
  9 bats
  14 frilled lizards
  34 kobolds
  8 rats
  A plant (D:8)
717 creatures vanquished.

Vanquished Creatures (others)
  11 fungi
  46 plants
  3 withered plants (D:15)
60 creatures vanquished.

Grand Total: 777 creatures vanquished

Notes
Turn   | Place    | Note
-------+----------+-------------------------------------------
     0 | D:1      | bmack86 the Minotaur Fighter began the quest for the Orb.
     0 | D:1      | Reached XP level 1. HP: 19/19 MP: 0/0
   259 | D:1      | Reached XP level 2. HP: 27/27 MP: 1/1
   260 | D:1      | Found Iczoal's Antique Armour Shop.
   335 | D:1      | Found Mazynewu's Weapon Shoppe.
   386 | D:1      | Found Mapt's Weapon Shop.
   393 | D:1      | Reached skill level 3 in Axes
   441 | D:1      | Found Ridunu's General Store.
   566 | D:1      | Found Gaux's General Store.
   977 | D:2      | Noticed Sigmund
   996 | D:2      | Killed Sigmund
   997 | D:2      | Reached skill level 4 in Axes
   997 | D:2      | Reached XP level 3. HP: 3/34 MP: 2/2
   997 | D:2      | Reached XP level 4. HP: 4/41 MP: 3/3
   997 | D:2      | Reached XP level 5. HP: 4/47 MP: 4/4
  1494 | D:2      | Identified the +0 leather armour of Xuytoo {rF++ rN+}
  1607 | D:2      | Reached skill level 5 in Axes
  1733 | D:2      | Found Qerurash's Assorted Antiques.
  1757 | D:2      | Bought a thin malachite amulet for 125 gold pieces
  1948 | D:2      | Reached XP level 6. HP: 55/55 MP: 5/5
  2074 | D:3      | Reached skill level 5 in Shields
  2105 | D:3      | Reached skill level 5 in Armour
  2371 | D:3      | Reached skill level 5 in Fighting
  2641 | D:4      | Found an opulent altar of Gozag.
  2676 | D:4      | Reached skill level 6 in Axes
  2676 | D:4      | Reached XP level 7. HP: 38/61 MP: 6/6
  2714 | D:4      | Found an iron altar of Okawaru.
  2714 | D:4      | Found a sacrificial altar of Ru.
  2718 | D:4      | Became a worshipper of Warmaster Okawaru
  3065 | D:4      | Reached skill level 1 in Throwing
  3388 | D:5      | Entered Level 5 of the Dungeon
  3479 | D:5      | Reached skill level 1 in Invocations
  3644 | D:5      | Identified the +0 quarterstaff "Mujap" {heavy, Will+}
  3711 | D:5      | Reached skill level 7 in Axes
  3711 | D:5      | Reached XP level 8. HP: 46/70 MP: 8/8
  3745 | D:5      | Reached * piety under Okawaru
  4091 | D:5      | Identified a scroll of acquirement
  4091 | D:5      | Acquired 548 gold pieces
  4304 | D:6      | Found Yffurim's Assorted Antiques.
  4307 | D:6      | Bought a scroll labelled ZUSI RYIMEBAANG for 29 gold pieces
  4307 | D:6      | Bought a scroll labelled QINEB HARRUKU for 29 gold pieces
  4307 | D:6      | Bought a scroll labelled VENOUL ITESEAMO for 29 gold pieces
  4698 | D:6      | Found a staircase to the Ecumenical Temple.
  4706 | Temple   | Entered the Ecumenical Temple
  4706 | Temple   | Found a transporter.
  4706 | Temple   | Found a transporter.
  4745 | D:6      | Found a snail-covered altar of Cheibriados.
  4772 | D:6      | Found an ornate altar of the Wu Jian Council.
  5207 | D:7      | Acquired the +16 obsidian axe {drain, demonic, Mesm Drain
                  | Fly SInv}
  5207 | D:7      | Found the +16 obsidian axe {drain, demonic, Mesm Drain Fly
                  | SInv}
  5298 | D:7      | Reached skill level 8 in Axes
  5331 | D:7      | Found a flagged portal.
  5341 | Bailey   | Entered a bailey
  5346 | Bailey   | Noticed an orc warlord
  5394 | Bailey   | Noticed an orc knight
  5412 | Bailey   | Reached ** piety under Okawaru
  5416 | Bailey   | Killed an orc knight
  5417 | Bailey   | Reached XP level 9. HP: 28/78 MP: 10/10
  5457 | Bailey   | Found a runed translucent gate.
  5458 | Bailey   | Found a runed translucent gate.
  5459 | Bailey   | Found a runed translucent gate.
  5468 | Bailey   | Noticed an orc knight
  5475 | Bailey   | Killed an orc knight
  5476 | Bailey   | Reached skill level 9 in Axes
  5522 | Bailey   | Killed an orc warlord
  5547 | Bailey   | Acquired the ring "Roschiczo" {+Blink rC- rCorr Str+6
                  | Int+3}
  5572 | Bailey   | Identified the +1 scale mail of the Solstice {*Slow Fly rF-
                  | Dex+9}
  5799 | D:7      | Found a runed translucent door.
  5925 | D:7      | Reached skill level 10 in Axes
  5950 | D:7      | Reached XP level 10. HP: 86/88 MP: 12/12
  5954 | D:7      | Reached *** piety under Okawaru
  6663 | D:7      | Noticed Selderis's ghost (novice GnFi)
  6684 | D:7      | Killed Selderis's ghost
  6685 | D:7      | Reached skill level 5 in Throwing
  6777 | D:8      | Reached **** piety under Okawaru
  6778 | D:8      | Reached skill level 5 in Invocations
  6782 | D:8      | Received a gift from Okawaru
  6949 | D:8      | Found a runed translucent door.
  6951 | D:8      | Noticed Dittersdorf's ghost (novice GrFi)
  7100 | D:8      | Reached skill level 11 in Axes
  7137 | D:8      | Noticed Pikel
  7144 | D:8      | Killed Pikel
  7144 | D:8      | Received a gift from Okawaru
  7327 | D:8      | Reached ***** piety under Okawaru
  7511 | D:8      | Noticed Maurice
  7517 | D:8      | Killed Maurice
  7518 | D:8      | Reached XP level 11. HP: 95/95 MP: 14/14
  7563 | D:8      | Killed Dittersdorf's ghost
  7603 | D:9      | Noticed a two-headed ogre
  7612 | D:9      | Killed a two-headed ogre
  7637 | D:9      | Noticed a two-headed ogre
  7638 | D:9      | Noticed a two-headed ogre
  7641 | D:9      | Received a gift from Okawaru
  7643 | D:9      | Killed a two-headed ogre
  7644 | D:9      | Reached skill level 12 in Axes
  7644 | D:9      | Killed a two-headed ogre
  8344 | D:10     | Entered Level 10 of the Dungeon
  8381 | D:10     | Noticed a death yak
  8384 | D:10     | Noticed a death yak
  8385 | D:10     | Noticed a death yak
  8394 | D:10     | Killed a death yak
  8398 | D:10     | Found a staircase to the Lair.
  8401 | D:10     | Killed a death yak
  8401 | D:10     | Identified the +11 hand axe of Doubt {heavy, Will+ Int+2}
                  | (Okawaru gifted it to you on level 10 of the Dungeon)
  8401 | D:10     | Received a gift from Okawaru
  8402 | D:10     | Killed a death yak
  8409 | D:10     | Noticed Maggie
  8428 | D:10     | Killed Maggie
  8528 | D:10     | Found a staircase to the Orcish Mines.
  8633 | D:10     | Reached skill level 13 in Axes
  8722 | D:10     | Reached XP level 12. HP: 106/106 MP: 16/16
  8904 | D:10     | Found a runed translucent gate.
  8904 | D:10     | Found a runed translucent gate.
  8904 | D:10     | Found a runed translucent gate.
  8905 | D:10     | Noticed NinjaNoafa's ghost (journeyman DrWn)
  9026 | D:10     | Killed NinjaNoafa's ghost
  9027 | D:10     | Reached skill level 10 in Fighting
  9027 | D:10     | Reached skill level 10 in Armour
  9064 | D:11     | Reached skill level 10 in Shields
  9077 | D:11     | Noticed a two-headed ogre
  9081 | D:11     | HP: 3/106 [two-headed ogre/+0 giant club (18)]
  9086 | D:11     | Killed a two-headed ogre
  9086 | D:11     | Reached ****** piety under Okawaru
  9102 | D:11     | Received a gift from Okawaru
  9477 | D:11     | Found a glowing silver altar of Zin.
  9559 | Lair:1   | Entered Level 1 of the Lair of Beasts
  9802 | Lair:1   | Noticed a catoblepas
  9811 | Lair:1   | Killed a catoblepas
  9812 | Lair:1   | Reached skill level 14 in Axes
 10455 | Lair:2   | Noticed a six-headed hydra
 10465 | Lair:2   | Killed a two-headed hydra
 10522 | Lair:2   | Received a gift from Okawaru
 10698 | Lair:2   | Noticed Erica
 10704 | Lair:2   | Killed Erica
 10785 | Lair:2   | Noticed a six-headed hydra
 10796 | Lair:2   | Killed a two-headed hydra
 10797 | Lair:2   | Reached XP level 13. HP: 70/116 MP: 16/18
 11049 | Lair:2   | Received a gift from Okawaru
 11250 | Lair:3   | Found a staircase to the Snake Pit.
 11307 | Lair:3   | Noticed a minotaur
 11307 | Lair:3   | Noticed Uroushin's ghost (journeyman GnEn)
 11353 | Lair:3   | Found a runed translucent gate.
 11354 | Lair:3   | Found a runed translucent gate.
 11356 | Lair:3   | Found a runed translucent gate.
 11363 | Lair:3   | Noticed Sonja
 11373 | Lair:3   | Killed Sonja
 11508 | Lair:3   | Reached skill level 15 in Axes
 11868 | Lair:3   | Found a staircase to the Swamp.
 12137 | Snake:1  | Entered Level 1 of the Snake Pit
 12416 | Lair:4   | Received a gift from Okawaru
 12816 | Lair:5   | Entered Level 5 of the Lair of Beasts
 12947 | Lair:4   | Reached skill level 16 in Axes
 12971 | Lair:5   | Reached XP level 14. HP: 109/126 MP: 19/19
 12974 | Lair:5   | Received a gift from Okawaru
 13390 | Lair:5   | Found a viscous altar of Jiyva.
 13391 | Lair:5   | Found a staircase to the Slime Pits.
 13766 | Lair:5   | Received a gift from Okawaru
 13903 | Lair:5   | Identified the +5 chain mail "Fiboin" {rN+} (Okawaru gifted
                  | it to you on level 5 of the Lair of Beasts)
 13903 | Lair:5   | Received a gift from Okawaru
 13960 | Lair:5   | Identified the +7 chain mail of Dogma {rElec}
 14320 | D:12     | Noticed Rupert
 14330 | D:12     | Killed Rupert
 14331 | D:12     | Reached skill level 17 in Axes
 14426 | D:12     | You are sucked into a shaft and drop 2 floors!
 14447 | D:14     | Identified the +1 robe "Xuilifab" {Rampage *Slow rN++}
 14514 | D:14     | Reached skill level 10 in Throwing
 14633 | D:14     | Found a gate to the Vaults.
 14655 | D:14     | Reached skill level 10 in Invocations
 14806 | D:14     | Reached XP level 15. HP: 135/135 MP: 21/21
 14856 | D:14     | Identified the ring of Relativism {Fire Will+ Dex+3}
 14972 | D:14     | Received a gift from Okawaru
 15330 | D:15     | Entered Level 15 of the Dungeon
 15425 | D:15     | Received a gift from Okawaru
 15532 | D:15     | Found a staircase to the Depths.
 15888 | D:15     | Reached skill level 18 in Axes
 16370 | D:13     | Received a gift from Okawaru
 16906 | D:13     | Noticed Frances
 16919 | D:13     | Gained mutation: You are agile. (Dex +4, Str/Int -1) [a
                  | neqoxec]
 16921 | D:13     | Killed Frances
 17544 | D:12     | Identified the +2 sling of the Old World {drain, Contam Fly
                  | Str+3}
 17577 | D:12     | Noticed Lodul
 17595 | D:12     | Killed Lodul
 18057 | Orc:1    | Entered Level 1 of the Orcish Mines
 18238 | Orc:1    | Found Mafeef's Jewellery Boutique.
 18266 | Orc:1    | Bought the ring "Tus Lor" {rElec rPois Int+4} for 720 gold
                  | pieces
 18266 | Orc:1    | Bought the ring of Basufues {Will+ rCorr Dex+7} for 804
                  | gold pieces
 18535 | Orc:2    | Entered Level 2 of the Orcish Mines
 18763 | Orc:2    | Noticed Nessos
 18800 | Orc:2    | Killed Nessos
 18808 | Orc:2    | Found a staircase to the Elven Halls.
 18900 | Elf:1    | Entered Level 1 of the Elven Halls
 18918 | Elf:1    | Identified the +6 flail "Zikleler" {flame, Fly Will- Dex+9}
                  | (Okawaru gifted it to you on level 1 of the Elven Halls)
 18918 | Elf:1    | Received a gift from Okawaru
 19059 | Elf:1    | Noticed a deep elf sorcerer
 19074 | Elf:1    | Killed a deep elf sorcerer
 19083 | Elf:1    | Reached XP level 16. HP: 63/147 MP: 23/23
 19087 | Elf:1    | Killed from afar by a deep elf knight

Illustrated notes

Levels and vault maps discovered:
D:1:      dpeg_arrival_stone_temple_mockup, layout_basic, serial_shops, shop,
          shop_statue, shop_statue, nicolae_shop_advertising_works
          [nicolae_subvault_shop_adworks], nicolae_shop_bloodbath_and_beyond,
          minmay_lizard_king
D:2:      layout_loops_ring, serial_shops, nicolae_lakefront_shop,
          minmay_pentomino_pile, uniq_sigmund
D:3:      layout_loops_ring
D:4:      layout_cave_pods, grunt_gozag_statues,
          mainiacjoe_overflow_divided_tiny
D:5:      minmay_angry_zag, layout_gridville
D:6:      layout_basic, mainiacjoe_overflow_two_lobes,
          minmay_temple_entry_slanted, serial_shops, nicolae_stop_n_shop_2,
          hangedman_decor_growths
D:7:      layout_layer_cave, enter_bailey_3, ebering_ghost_reflecting_pool
D:8:      layout_loops_cross, ebering_ghost_inner_flame, serial_bayou_lake_a,
          uniq_pikel, uniq_maurice
D:9:      layout_long_grid, lightli_fourway_metalbox
D:10:     hangedman_cross_stitches, layout_cave_pools, dpeg_lair_monsters,
          minmay_orc_entry_temple_small, ebering_ghost_rock_garden, uniq_maggie
D:11:     layout_rooms, zin_scriptorium
D:12:     layout_cave_pods, uniq_lodul, uniq_rupert
D:13:     layout_gridville, minmay_misc_feat_alley, uniq_frances
D:14:     layout_loops_ring, erik_vaults_2, minmay_more_statues
D:15:     gammafunk_depths_entry_grave, layout_basic,
          hangedman_decor_clover_reticule, minmay_misc_feat_more_columns
Temple:   hellmonk_temple_divided_pantheon
Lair:1:   layout_concentric_octagons, grunt_forest_large_clearing_hut,
          lemuel_fruit_tree
Lair:2:   layout_chaotic_city, uniq_erica
Lair:3:   minmay_lair_oklob_chamber, layout_long_grid, minmay_swamp_entry_swarm,
          dummy_snake_entry, maelrawn_ghost_gauntlet_escape, grunt_megastairs_2,
          uniq_sonja
Lair:4:   layout_hall_layers
Lair:5:   hangedman_lair_caniforms_friends, layout_gridlike, slime_entry_1,
          hangedman_lair_unloving_vines
Snake:1:  layout_rooms, basic_altar, ebering_ghost_gozag
Orc:1:    cheibrodos_orc_bank, layout_caves, basic_altar, serial_shops,
          nicolae_shop_competitors_out_of_business
Orc:2:    st_orc_pillars, layout_caves, serial_shops, nicolae_shop_statue_plus,
          mines3_lemuel, uniq_nessos
Elf:1:    nicolae_elf_arrival_fired_up, layout_loops_corners, serial_shops,
          nicolae_take_the_stairs, shop, kennysheep_underground_church

Skill      XL: |  1  2  3  4  5  6  7  8  9 10 11 12 13 14 15 |
---------------+----------------------------------------------+-----
Axes           | 4 5 6 7 8 10 11 13 14 16 17 18 | 18.0
Fighting       | 4 5 6 7 8 9 11 12 13 14 | 14.5
Armour         | 4 5 6 7 8 9 11 12 13 14 | 14.5
Shields        | 4 5 6 7 8 9 10 11 12 14 | 14.4
Throwing       | 2 3 4 5 6 8 9 10 | 10.0
Invocations    | 1 3 4 5 6 8 9 10 11 | 11.5

Action                     |  1- 3 |  4- 6 |  7- 9 | 10-12 | 13-15 | 16-18 || total
---------------------------+-------+-------+-------+-------+-------+-------++-------
  Melee: War axe           |    75 |   127 |   138 |       |       |       ||   340
         Headbutt          |     5 |    18 |    33 |    58 |   195 |     1 ||   310
         Broad axe         |       |       |    60 |   340 |   814 |       ||  1214
         Hand axe          |       |       |       |       |    21 |     5 ||    26
  Throw: Boomerang         |       |       |       |    10 |     7 |       ||    17
 Invoke: Heroism           |       |       |     1 |     3 |     3 |       ||     7
         Finesse           |       |       |       |     1 |     2 |       ||     3
  Evoke: Wand              |       |       |       |       |     1 |       ||     1
    Use: Scroll            |       |       |     7 |    21 |     9 |       ||    37
         Potion            |       |       |     1 |     3 |     3 |       ||     7
   Stab: Invisible         |       |       |       |       |     1 |       ||     1
 Armour: Scale mail        |    45 |    55 |       |       |       |       ||   100
         Plate armour      |       |     6 |   174 |   265 |   533 |     5 ||   983
  Dodge: Dodged            |    31 |    64 |    77 |   141 |   227 |       ||   540
  Block: Buckler           |    15 |    31 |    66 |   128 |       |       ||   240
         Kite shield       |       |       |       |       |   600 |     5 ||   605

Table legend: (Time is in decaauts)
 A = Elapsed time spent in this place.
 B = Non-inter-level travel time spent in this place.
 C = Inter-level travel time spent in this place.
 D = Time resting spent in this place.
 E = Time spent auto-exploring this place.
 F = Levels seen in this place.
 G = Mean time per level.
                   A        B        C        D        E       F      G
               +--------+--------+--------+--------+--------+-----+--------+
         Total |  19053 |  18162 |    891 |    419 |  12207 |  26 |  732.8 |
       Dungeon |  13052 |  12365 |    687 |    198 |   8957 |  15 |  870.1 |
        Temple |      1 |      1 |      0 |      0 |      0 |   1 |    1.0 |
          Lair |   4647 |   4473 |    174 |    221 |   2794 |   5 |  929.4 |
     Snake Pit |      1 |      1 |      0 |      0 |      0 |   1 |    1.0 |
  Orcish Mines |    825 |    797 |     28 |      0 |    288 |   2 |  412.5 |
   Elven Halls |    182 |    182 |      0 |      0 |     64 |   1 |  182.0 |
        Bailey |    341 |    341 |      0 |      0 |    104 |   1 |  341.0 |
               +--------+--------+--------+--------+--------+-----+--------+

Top non-repeatable levels by time:
  Lair:5: 1215 daAuts
     D:7: 1195 daAuts
     D:1: 1133 daAuts
    D:13: 990 daAuts
  Lair:3: 986 daAuts
     D:2: 942 daAuts
     D:5: 930 daAuts
    D:15: 918 daAuts
    D:14: 897 daAuts
     D:8: 884 daAuts
     D:6: 873 daAuts
  Lair:1: 863 daAuts
    D:12: 824 daAuts
     D:4: 818 daAuts
  Lair:4: 795 daAuts
